 Dungeon Crawl Stone Soup version 0.27.1-33-g824d729ab1 (webtiles) character file.

Game seed: 557793559675365134

12555 pkoi the Grappler (level 11, 0/81 HPs)
             Began as a Red Draconian Gladiator on Dec 7, 2021.
             Was an Initiate of Gozag.
             Slain by a yak (7 damage)
             ... on level 1 of the Lair of Beasts.
             The game lasted 00:32:05 (19745 turns).

pkoi the Grappler (Red Draconian Gladiator)        Turns: 19745, Time: 00:32:05

Health: 0/81       AC: 12    Str: 24    XL:     11   Next: 64%
Magic:  0/17       EV: 14    Int: 15    God:    Gozag
Gold:   1059       SH:  0    Dex: 14    Spells: 9/18 levels left

rFire    + . .     SeeInvis .     - Unarmed
rCold    . . .     Faith    .   (no shield)
rNeg     . . .     Spirit   +   (armour unavailable)
rPois    +         Reflect  .   a - +1 hat
rElec    .         Harm     .   D - +2 cloak of the Game of Kings {Int+4}
rCorr    .         Rampage  .   u - +0 pair of gloves
Will     .....     Clarity  +   (no boots)
Stlth    +.........             i - amulet of guardian spirit
HPRegen  0.23/turn              l - +6 ring of strength
MPRegen  0.15/turn              z - ring of poison resistance

@: about to teleport, gold aura, flying
A: breathe fire, AC +7, unfitting armour, fire resistance 1, cold-blooded, big
wings, agile 1, clarity, wild magic 1
a: Breathe Fire, Renounce Religion, Potion Petition, Call Merchant, Bribe Branch


You were on level 1 of the Lair of Beasts.
You worshipped Gozag.
Gozag was most pleased with you.
You visited 3 branches of the dungeon, and saw 13 of its levels.
You also visited: Sewer.

You collected 1630 gold pieces.
You spent 406 gold pieces at shops.
You paid 165 gold pieces to Gozag.

Inventory:

Hand Weapons
 m - a +1 short sword of venom
 r - a +0 whip of venom
 s - a +5 whip of electrocution
Missiles
 b - 7 throwing nets
 v - 28 poisoned darts
Armour
 a - a +1 hat (worn)
 u - a +0 pair of gloves (worn)
 D - the +2 cloak of the Game of Kings (worn) {Int+4}
   (You bought it in a shop on level 9 of the Dungeon)

   Int:       It affects your intelligence (+4).
Jewellery
 i - an amulet of guardian spirit (around neck)
 l - a +6 ring of strength (left hand)
 p - an amulet of magic regeneration
 z - a ring of poison resistance (right hand)
Wands
 n - a wand of flame (36)
 o - a wand of polymorph (15)
 E - a wand of charming (4)
Scrolls
 c - a scroll of summoning
 d - 4 scrolls of teleportation
 e - a scroll of amnesia
 t - 6 scrolls of identify
 y - 4 scrolls of enchant armour
 B - 2 scrolls of blinking
 C - a scroll of fog
Potions
 f - a potion of haste
 g - 3 potions of attraction
 h - 3 potions of degeneration
 j - 2 potions of lignification
 k - a potion of heal wounds
 q - 3 potions of curing
 w - 2 potions of brilliance
 x - a potion of resistance
 A - a potion of magic


   Skills:
 + Level 2.7 Fighting
 - Level 1.7 Throwing
 + Level 5.8 Dodging
 + Level 12.2 Unarmed Combat
 - Level 4.0 Spellcasting
 + Level 5.9 Conjurations
 + Level 8.1 Hexes
 + Level 7.3 Fire Magic


You had 9 spell levels left.
You knew the following spells:

 Your Spells              Type           Power      Damage    Failure   Level
a - Confusing Touch       Hex            35%        N/A       3%          3
b - Foxfire               Conj/Fire      100%       2x1d9     2%          1
c - Fireball              Conj/Fire      14%        3d8       41%         5

Your spell library contained the following spells:

 Spells                   Type           Power      Damage    Failure   Level
 Slow                     Hex            35%        N/A       2%          2
 Blink                    Tloc           N/A        N/A       34%         2
 Yara's Violent Unravell  Hex/Tmut       9%         3d6       75%         5
 Starburst                Conj/Fire      14%        6d6       92%         6
 Manifold Assault         Tloc           3%         N/A       99%         5
 Storm Form               Tmut/Air       1%         N/A       100%        7
 Ignition                 Fire           16%        3d6       100%        8


Dungeon Overview and Level Annotations

Branches:
Dungeon (11/15)            Temple (1/1) D:7            Lair (1/6) D:11
    Orc (0/2) D:9           Sewer (visited)

Altars:
Ashenzari
Cheibriados
Dithmenos
Elyvilon
Fedhas
Gozag
Hepliaklqana
Kikubaaqudgha
Makhleb
Nemelex Xobeh
Okawaru
Qazlal
Ru
Sif Muna
Trog
Uskayaw
Vehumet
Wu Jian
Xom
Yredelemnul
Zin
The Shining One
Beogh

Shops:
D:2 :   D:4 ?   D:7 [   D:9 *![?[


Innate Abilities, Weirdness & Mutations

You can breathe blasts of fire.
Your fiery red scales are hard. (AC +7)
You cannot fit into any form of body armour.
Your flesh is heat resistant. (rF+)
You are cold-blooded and may be slowed by cold attacks.
Your large and strong wings let you fly.
You are agile. (Dex +2)
You possess an exceptional clarity of mind.
Your spells are a little harder to cast, but a little more powerful.


Message History

The wolf is severely wounded.
The wolf misses you. The wolf bites you.
* * * LOW HITPOINT WARNING * * *
The wolf bites you!
* * * LOW HITPOINT WARNING * * *
Your yak completely misses the wolf.
The yak gores your yak!
Your yak dies!
The wolf barely misses you. The wolf bites you but does no damage.
Unknown command.
The wolf is distracted by your dazzling golden aura.
As you read the scroll of teleportation, it crumbles to dust.
You feel strangely unstable.
The wolf bites you but does no damage. x2
The wolf closely misses you.
The wolf bites you but does no damage. x2
The wolf misses you.
The wolf is no longer distracted by gold.
Your surroundings suddenly seem different.
A water moccasin, a black mamba and 4 yaks come into view.
Found a book of the Senses.
The yak bellows! x3; The water moccasin hisses angrily.
The black mamba hisses angrily.
You hear a bellow!
The water moccasin bites you.
* * * LOW HITPOINT WARNING * * *
The water moccasin bites you but does no damage.
As you read the scroll of teleportation, it crumbles to dust.
You feel strangely unstable. The water moccasin closely misses you.
A yak comes into view.
The black mamba barely misses you. The water moccasin barely misses you.
Your surroundings suddenly seem different.
An elephant comes into view.
The elephant trumpets!
You hear a trumpeting!
You hear a loud, deep croak!
An elephant comes into view.
An elephant comes into view.
The elephant trumpets!
You hear a croak.
As you read the scroll of teleportation, it crumbles to dust.
You feel strangely unstable. The yak barely misses you. The yak gores you!
You die...
Your body crumbles into a pile of gold.

#........ #........
##Y.......
#......... ##
##.Y....S.##.######
#..................
##Y................
#Y......Y.........
#@Y...Y...........
#.................
#.........Y..S....
#........Y....S...
#........Y.....:..
##.########.#P####
## #####


You could see 3 elephants, a black mamba (wandering) and 4 yaks.

Vanquished Creatures
  Harold (D:8)
  2 two-headed ogres (D:10)
  A gargoyle (D:10)
  A kobold demonologist (D:8)
  A komodo dragon (Lair:1)
  2 trolls
  Grinder (D:5)
  3 hornets
  Sigmund (D:3)
  A wyvern (D:9)
  A shadow (D:11)
  3 wraiths
  11 yaks
  A basilisk (D:8)
  3 steam dragons
  3 water moccasins
  2 acid dragons
  An ice beast (D:6)
  A black bear (D:6)
  A sky beast (D:7)
  2 ogres
  7 orc warriors
  A wolf (Lair:1)
  7 centaurs
  3 kobold brigands
  Blork the orc (D:6)
  6 bullfrogs
  3 scorpions
  A water moccasin zombie (D:5)
  A water moccasin skeleton (D:7)
  5 wights (D:9)
  9 killer bees
  An electric eel (D:11)
  The ghost of Powertoast the Insei, a weakling OpTm (D:3)
  5 howler monkeys
  2 jellies (D:6)
  5 centaur zombies
  A hound (D:5)
  8 orc priests
  A bullfrog zombie (D:6)
  2 iguanas
  2 scorpion zombies (D:5)
  7 orc wizards
  A howler monkey zombie (D:6)
  9 gnolls
  8 adders
  A river rat (D:4)
  3 white imps (D:6)
  6 worms
  2 dart slugs
  44 orcs
  12 ball pythons
  12 endoplasms
  3 giant cockroaches
  7 goblins
  8 hobgoblins
  3 jackals (D:2)
  5 quokkas
  4 bats
  5 frilled lizards
  21 kobolds
  9 rats
285 creatures vanquished.

Vanquished Creatures (others)
  A yak (Lair:1)
  A wolf (Lair:1)
  A hobgoblin (D:2)
  69 foxfires
  2 fungi (D:3)
  19 plants
93 creatures vanquished.

Grand Total: 378 creatures vanquished

Notes
Turn   | Place    | Note
-------+----------+-------------------------------------------
     0 | D:1      | pkoi the Draconian Gladiator began the quest for the Orb.
     0 | D:1      | Reached XP level 1. HP: 17/17 MP: 1/1
   405 | D:1      | Reached XP level 2. HP: 24/24 MP: 2/2
   911 | D:1      | Reached skill level 4 in Unarmed Combat
  1239 | D:2      | Found Astoikk's Book Boutique.
  1253 | D:2      | Found a hide-covered altar of Uskayaw.
  1272 | D:2      | Reached XP level 3. HP: 21/29 MP: 1/3
  1936 | D:2      | Reached XP level 4. HP: 32/36 MP: 4/4
  2032 | D:2      | Reached skill level 5 in Unarmed Combat
  2951 | D:3      | Learned a level 3 spell: Confusing Touch
  3012 | D:3      | Found a runed translucent door.
  3018 | D:3      | Noticed Powertoast's ghost (weakling OpTm)
  3018 | D:3      | Noticed a bullfrog
  3129 | D:3      | Reached XP level 5. HP: 41/41 MP: 5/5
  3460 | D:3      | Found a faded altar of an unknown god.
  3464 | D:3      | Got Plato's Guide on Fire
  3491 | D:3      | Noticed Sigmund
  3871 | D:4      | Noticed an ogre
  3889 | D:4      | Killed an ogre
  3890 | D:4      | Reached skill level 6 in Unarmed Combat
  3890 | D:4      | Reached skill level 1 in Spellcasting
  3890 | D:4      | Reached skill level 1 in Hexes
  3993 | D:4      | Found a glowing drain.
  4003 | Sewer    | Entered a sewer
  4244 | Sewer    | Reached XP level 6. HP: 10/48 MP: 3/8
  5785 | D:4      | Found Qico's Magic Scroll Boutique.
  5816 | D:4      | Bought a scroll of identify for 26 gold pieces
  5841 | D:4      | Reached skill level 7 in Unarmed Combat
  5841 | D:4      | Your scales start taking on a fiery red colour.
  5841 | D:4      | Reached XP level 7. HP: 48/55 MP: 10/10
  5841 | D:4      | Gained mutation: Your flesh is heat resistant. (rF+) [Red
                  | Draconian growth]
  5847 | D:4      | Learned a level 1 spell: Foxfire
  5990 | D:5      | Entered Level 5 of the Dungeon
  6310 | D:5      | Noticed Grinder
  6320 | D:5      | Killed Grinder
  6321 | D:5      | Reached skill level 1 in Conjurations
  6321 | D:5      | Reached skill level 1 in Fire Magic
  6492 | D:5      | Reached XP level 8. HP: 60/61 MP: 12/12
  6742 | D:6      | Noticed Blork the orc
  6749 | D:6      | Killed Blork the orc
  6750 | D:6      | Reached skill level 8 in Unarmed Combat
  7772 | D:6      | Identified the +4 robe "Wipp" {rPois rC- Regen+ Str+2}
  8076 | D:7      | Found a staircase to the Ecumenical Temple.
  8079 | D:7      | Identified the +5 dagger of Ash {pain, *Noise +Blink Fly
                  | Int+6}
  8085 | Temple   | Entered the Ecumenical Temple
  8396 | D:7      | Reached XP level 9. HP: 44/67 MP: 9/15
  8631 | D:7      | Found Tanip's Armour Emporium.
  8794 | D:7      | Reached skill level 9 in Unarmed Combat
  8947 | D:7      | Reached skill level 5 in Fire Magic
  9132 | D:7      | Reached skill level 5 in Hexes
  9495 | Temple   | Became a worshipper of Gozag Ym Sagoz the Greedy
  9540 | D:7      | Reached skill level 10 in Unarmed Combat
  9778 | D:8      | Noticed Harold
  9902 | D:3      | Killed Sigmund
  9903 | D:3      | Reached skill level 5 in Conjurations
  9903 | D:3      | Reached XP level 10. HP: 73/73 MP: 16/16
  9981 | D:3      | Found a runed translucent door.
 10047 | D:3      | Killed Powertoast's ghost
 10343 | D:8      | Killed Harold
 10345 | D:8      | Gained mutation: You are agile. (Dex +2) [potion of
                  | mutation]
 10345 | D:8      | Gained mutation: Your large and strong wings let you fly.
                  | [potion of mutation]
 10345 | D:8      | Gained mutation: Your spells are a little harder to cast,
                  | but a little more powerful. [potion of mutation]
 10345 | D:8      | Gained mutation: You possess an exceptional clarity of
                  | mind. [potion of mutation]
 11338 | D:8      | Reached skill level 11 in Unarmed Combat
 11382 | D:8      | Noticed a rust devil
 13315 | D:9      | Found a hide-covered altar of Uskayaw.
 13315 | D:9      | Found an ornate altar of the Wu Jian Council.
 13363 | D:9      | Found Wigh's Antique Armour Shoppe.
 13372 | D:9      | Found Jiwak's Magic Scroll Boutique.
 13467 | D:9      | Bought a scroll of blinking for 105 gold pieces
 13475 | D:9      | Found Taikhlut's Antique Armour Emporium.
 13478 | D:9      | Bought a distressingly furry cloak for 275 gold pieces
 13478 | D:9      | Identified the +2 cloak of the Game of Kings {Int+4} (You
                  | bought it in a shop on level 9 of the Dungeon)
 13581 | D:9      | Found a shadowy altar of Dithmenos.
 13586 | D:9      | Found a glowing golden altar of the Shining One.
 13586 | D:9      | Found a stormy altar of Qazlal.
 14069 | D:9      | Found Goshre's Distillery.
 14412 | D:9      | Reached XP level 11. HP: 68/79 MP: 13/17
 14479 | D:9      | Found a staircase to the Orcish Mines.
 14699 | D:9      | Found Xasim's General Store.
 15013 | D:10     | Entered Level 10 of the Dungeon
 15049 | D:10     | Found an iron altar of Okawaru.
 15201 | D:10     | Noticed a two-headed ogre
 15231 | D:10     | Killed a two-headed ogre
 15375 | D:10     | Reached skill level 5 in Dodging
 15712 | D:10     | Noticed a two-headed ogre
 15725 | D:10     | Killed a two-headed ogre
 16156 | D:10     | Reached skill level 12 in Unarmed Combat
 17213 | D:11     | Noticed a death knight
 17997 | D:11     | Learned a level 5 spell: Fireball
 18683 | D:11     | Found a staircase to the Lair.
 19531 | Lair:1   | Entered Level 1 of the Lair of Beasts
 19728 | Lair:1   | HP: 4/81 [wolf (4)]
 19734 | Lair:1   | HP: 4/81 [water moccasin (1)]
 19745 | Lair:1   | Slain by a yak

Illustrated notes

Levels and vault maps discovered:
D:1:      dpeg_arrival_houses_and_road, layout_basic
D:2:      layout_basic, basic_altar, serial_shops, shop, lemuel_flame_loot_1
D:3:      layout_rooms, ebering_ghost_sewer_f,
          shapermc_ecumenical_altar_rom_forum, minivault_19, uniq_sigmund
D:4:      minmay_angry_zag, layout_cave_pools, cheibrodos_sewer_entry_sluice,
          serial_shops, nicolae_stop_n_shop_1
D:5:      layout_rooms, uniq_grinder
D:6:      layout_loops_corners, uniq_blork_the_orc
D:7:      layout_basic, minmay_temple_entry_gardened_gates, serial_shops,
          nicolae_stop_n_shop_2
D:8:      hangedman_cross_stitches, layout_gridville, uniq_harold
D:9:      layout_layer_cave, grunt_temple_overflow_open,
          amethyst_overflow_temple_binary, david_orc_5, serial_shops, shop,
          nicolae_shop_behind_doors, shop, shop_statue, nicolae_shop_stone
D:10:     layout_layer_cave, okawaru_trees_2
D:11:     layout_loops_ring, dpeg_oklobed_lair, kennysheep_dice
Temple:   nicolae_temple_elliptical
Lair:1:   layout_big_grid, serial_bayou_shore_a

Skill      XL: |  1  2  3  4  5  6  7  8  9 10 11 |
---------------+----------------------------------+-----
Unarmed Combat | 4 5 6 7 8 10 11 12 | 12.2
Spellcasting   | 1 2 3 4 |  4.0
Hexes          | 1 2 3 4 5 6 8 |  8.1
Conjurations   | 1 3 5 |  5.9
Fire Magic     | 2 4 6 7 |  7.3
Dodging        | 4 5 |  5.8
Fighting       | |  2.7
Throwing       | |  1.7

Action                   |  1- 3 |  4- 6 |  7- 9 | 10-12 || total
-------------------------+-------+-------+-------+-------++-------
Melee: Unarmed           |   143 |   231 |   112 |   427 ||   913
       Tailslap          |    11 |    29 |    31 |    78 ||   149
       Punch             |     1 |     6 |     9 |    38 ||    54
       Whip              |       |     9 |   143 |       ||   152
 Cast: Foxfire           |       |       |       |    41 ||    41
       Confusing Touch   |       |       |       |    14 ||    14
 Abil: Breathe Fire      |       |       |     8 |    18 ||    26
Evoke: Wand              |       |       |       |     2 ||     2
  Use: Potion            |       |     3 |     3 |     7 ||    13
       Scroll            |       |    10 |     3 |     4 ||    17
 Stab: Sleeping          |     1 |     1 |       |       ||     2
       Confused          |       |       |     1 |    12 ||    13
Armor: Skin              |    42 |    64 |   123 |   147 ||   376
Dodge: Dodged            |    86 |   118 |   176 |   306 ||   686
